 Dungeon Sprint DCSS version 0.19-a0-1626-g5215c36 (webtiles) character file.

1694 poirepourri the Unseen (level 8, -6/37 HPs)
             Began as a Spriggan Enchanter on Sept 18, 2016.
             Was an Initiate of Dithmenos.
             Shot with an arrow by a centaur warrior (29 damage)
             ... in the Dungeon (Sprint I: "Red Sonja").
             The game lasted 00:01:52 (465 turns).

poirepourri the Unseen (Spriggan Enchanter)          Turns: 465, Time: 00:01:53

Health: -6/37      AC:  3    Str:  4    XL:     8   Next: 72%
Magic:  17/22      EV: 27    Int: 16    God:    Dithmenos [......]
Gold:   586        SH:  0    Dex: 19    Spells: 5 memorised, 13 levels left

rFire  . . .     SeeInvis +     n - +0 short sword (drain)
rCold  . . .     Gourm    .     b - +1 robe
rNeg   . . .     Faith    .     (shield restricted)
rPois  .         Spirit   .     (helmet restricted)
rElec  .         Dismiss  .     (no cloak)
rCorr  .         Reflect  .     (gloves unavailable)
MR     +....     Harm     .     (boots unavailable)
Stlth  ++++++++.. NoTele   +    (no amulet)
                                (no ring)
                                (no ring)

@: very quick
A: unfitting armour, see invisible, herbivore 3, speed 3, slow metabolism 2
a: Renounce Religion


You were in the Dungeon.
You worshipped Dithmenos.
Dithmenos was noncommittal.
You were not hungry.

You visited 1 branch You collected 636 gold pieces.
You spent 50 gold pieces at shops.

Inventory:

Hand Weapons
 a - a +1 dagger
 m - a +0 blowgun
 n - a +0 short sword of draining (weapon)
Missiles
 o - 7 curare-tipped needles
Armour
 b - a +1 robe (worn)
Wands
 i - a wand of confusion (37/48)
Scrolls
 j - a scroll of blinking
Potions
 e - a potion of curing
 f - 2 potions of heal wounds
 g - a potion of haste
 h - 2 potions of magic
 k - 2 potions of resistance {unknown}
 l - a potion of flight {unknown}
 r - 2 potions of brilliance {unknown}
Books
 c - a book of Maledictions

   Spells                             Type                      Level
   a - Corona                         Hexes                        1
   b - Ensorcelled Hibernation        Hexes/Ice                    2
   c - Confuse                        Hexes                        3
   d - Tukima's Dance                 Hexes                        3
   e - Dazzling Spray                 Conjuration/Hexes            3
Comestibles
 d - a bread ration
 p - a royal jelly


   Skills:
 + Level 1.5 Fighting
 + Level 5.5 Short Blades
 + Level 10.4 Dodging
 + Level 18.0 Stealth
 + Level 9.0 Spellcasting
 + Level 11.7 Hexes
 + Level 2.6 Ice Magic


You had 13 spell levels left.
You knew the following spells:

 Your Spells              Type           Power        Failure   Level  Hunger
a - Corona                Hex            #####..      1%          1    None
b - Ensorcelled Hibernat  Hex/Ice        ####..       1%          2    None
c - Confuse               Hex            #####...     1%          3    #......
d - Tukima's Dance        Hex            #####...     1%          3    #......
e - Dazzling Spray        Conj/Hex       ####..       2%          3    #......


Dungeon Overview and Level Annotations

Branches:
Dungeon (1/1)

Altars:
Cheibriados
Dithmenos
Elyvilon
Fedhas
Gozag
Hepliaklqana
Kikubaaqudgha
Makhleb
Nemelex Xobeh
Okawaru
Qazlal
Ru
Sif Muna
Trog
Uskayaw
Vehumet
Xom
Yredelemnul
Zin
The Shining One
Jiyva
Lugonu

Shops:
D ![


Innate Abilities, Weirdness & Mutations

You are tiny and cannot use many weapons and most armour.
You have supernaturally acute eyesight. (SInv)
You are a herbivore.
You cover ground extremely quickly.
You need consume almost no food.


Message History

You hear a splash.
Found a scroll labeled HUCLUT TAI.
There is an open door here.
There is an open door, spattered with blood here.
Casting: Ensorcelled Hibernation
Confirm with . or Enter, or press ? or * to list all spells.
Aiming: Ensorcelled Hibernation
Press: ? - help, Shift-Dir - straight line, f - centaur warrior
Aim: a centaur warrior, wielding a longbow (purple smoke, chance to defeat MR: 41%)
The centaur warrior resists with some effort.
The centaur warrior shoots an arrow.
The arrow completely misses you.
Casting: Ensorcelled Hibernation
Confirm with . or Enter, or press ? or * to list all spells.
Aiming: Confuse
Press: ? - help, Shift-Dir - straight line, f/p - centaur warrior
Aim: a centaur warrior, wielding a longbow (purple smoke, chance to defeat MR: 51%)
The centaur warrior resists with significant effort.
The centaur warrior shoots an arrow.
The arrow hits you!!
Ouch! That really hurt!
You die...

#..#####'#####'#__####
#..####..#...#.####??#
#..#__####..##.#§§§§§#
#..#_____##'#..+≈≈§c§+
#⌠⌠#_.∩...'..._#§§§§c#
####_..__##_.#'##§####
#_____###'#(#§c§§###
#########.####§###[##
+...'.@.§.'.∩#
#.†.########## ##.##
#+#


You could see a centaur warrior.

Vanquished Creatures
  Sonja (D)
  A deep troll (D)
  A slime creature (D)
  Sigmund (D)
  A yak (D)
  An ogre (D)
  A jelly (D)
  Ijyb (D)
8 creatures vanquished.

Notes
Turn   | Place    | Note
-------+----------+-------------------------------------------
     0 | D        | poirepourri the Spriggan Enchanter began the quest for the Orb.
     0 | D        | Reached XP level 1. HP: 9/9 MP: 5/5
     2 | D        | Noticed Ijyb
    21 | D        | Killed Ijyb
    21 | D        | Reached skill level 5 in Dodging
    21 | D        | Reached skill level 8 in Stealth
    21 | D        | Reached XP level 2. HP: 10/14 MP: 6/6
   172 | D        | Learned a level 2 spell: Ensorcelled Hibernation
   175 | D        | Noticed an ogre
   177 | D        | Killed an ogre
   177 | D        | Reached skill level 11 in Stealth
   177 | D        | Reached XP level 3. HP: 17/17 MP: 8/8
   177 | D        | Reached XP level 4. HP: 21/21 MP: 9/9
   189 | D        | Noticed Sigmund
   194 | D        | Killed Sigmund
   194 | D        | Reached skill level 1 in Fighting
   194 | D        | Reached skill level 13 in Stealth
   194 | D        | Reached skill level 1 in Ice Magic
   194 | D        | Reached XP level 5. HP: 25/25 MP: 3/13
   194 | D        | Reached XP level 6. HP: 30/30 MP: 3/14
   284 | D        | Found a burning altar of Makhleb.
   284 | D        | Found a viscous altar of Jiyva.
   284 | D        | Found a shimmering altar of Xom.
   284 | D        | Found a corrupted altar of Lugonu.
   284 | D        | Noticed a slime creature
   287 | D        | Killed a slime creature
   287 | D        | Reached skill level 14 in Stealth
   287 | D        | Reached skill level 5 in Spellcasting
   290 | D        | Found a deep blue altar of Sif Muna.
   292 | D        | Found a radiant altar of Vehumet.
   326 | D        | Found Eskuj's Distillery.
   326 | D        | Found an ancient bone altar of Kikubaaqudgha.
   326 | D        | Found a hazy altar of Hepliaklqana.
   326 | D        | Found a stormy altar of Qazlal.
   326 | D        | Found a hide-covered altar of Uskayaw.
   326 | D        | Found a blossoming altar of Fedhas.
   326 | D        | Found a bloodstained altar of Trog.
   326 | D        | Found an iron altar of Okawaru.
   326 | D        | Found a basalt altar of Yredelemnul.
   326 | D        | Found a glowing golden altar of the Shining One.
   326 | D        | Found a snail-covered altar of Cheibriados.
   326 | D        | Found a sacrificial altar of Ru.
   326 | D        | Found a glowing silver altar of Zin.
   326 | D        | Found a shadowy altar of Dithmenos.
   326 | D        | Found a white marble altar of Elyvilon.
   326 | D        | Noticed a yak
   327 | D        | Found an opulent altar of Gozag.
   328 | D        | Killed a yak
   328 | D        | Reached skill level 15 in Stealth
   328 | D        | Reached XP level 7. HP: 33/33 MP: 13/18
   329 | D        | Found a sparkling altar of Nemelex Xobeh.
   335 | D        | Became a worshipper of Dithmenos the Shadowed
   340 | D        | Bought a potion of heal wounds for 50 gold pieces
   344 | D        | Learned a level 3 spell: Confuse
   348 | D        | Learned a level 3 spell: Tukima's Dance
   352 | D        | Learned a level 3 spell: Dazzling Spray
   402 | D        | Noticed Sonja
   406 | D        | Killed Sonja
   406 | D        | Reached skill level 5 in Short Blades
   406 | D        | Reached skill level 10 in Dodging
   406 | D        | Reached skill level 16 in Stealth
   406 | D        | Reached skill level 10 in Hexes
   406 | D        | Reached XP level 8. HP: 37/37 MP: 19/21
   422 | D        | Noticed a deep troll
   426 | D        | Killed a deep troll
   426 | D        | Reached skill level 18 in Stealth
   436 | D        | Found Miecsyze's Armour Emporium.
   458 | D        | Noticed a centaur warrior
   459 | D        | Noticed a centaur warrior
   465 | D        | Shot with an arrow by a centaur warrior

Vault maps used:
D:        dungeon_sprint_1

Skill      XL: |  1  2  3  4  5  6  7  8 |
---------------+-------------------------+-----
Short Blades   | 2 3 4 5 |  5.5
Dodging        | 5 7 8 9 10 | 10.4
Stealth        | 8 11 13 15 16 18 | 18.0
Fighting       | 1 |  1.5
Spellcasting   | 4 6 8 9 |  9.0
Hexes          | 6 9 10 11 | 11.7
Ice Magic      | 1 2 |  2.6

Action                   |  1- 3 |  4- 6 |  7- 9 || total
-------------------------+-------+-------+-------++-------
Melee: Dagger            |    17 |     4 |     1 ||    22
       Short sword       |       |       |     1 ||     1
 Cast: Ensorcelled Hiber |       |     4 |     1 ||     5
       Confuse           |       |       |     1 ||     1
  Use: Potion            |     1 |       |       ||     1
       Scroll            |       |       |     1 ||     1
 Stab: Sleeping          |     2 |     4 |     2 ||     8
Armor: Robe              |     1 |       |       ||     1
Dodge: Dodged            |    10 |     2 |     3 ||    15
